Match 47260772
Unlisted

Match 47260772
End
Construct Section Command Post
Vickers Machine Gun Team
Dingo Light Scout Car
Infantry Section
Infantry Section
Construct Platoon Command Post
6-pounder Anti-tank Gun Team
Selects Air and Sea Battlegroup
Selects Supply Surplus
Construct Resource Cache
Construct Company Command Post
Selects UNKNOWN (223837)
Centaur IV Medium Tank
Construct Field Infirmary
Grenade Package
Matilda II Heavy Tank
Forward Retreat Point
Selects Commando Section Paradrop
Selects Commando Support Section Paradrop
Commando Section Paradrop
Infantry Training
Unlock M3 Grant Medium Tanks
CMP 15cwt Truck
Construct Field Infirmary
Unlock Towed 17-pounder Anti-tank Guns
Selects Incendiary Bombing Run
Royal Engineer Section
Royal Engineer Section
M3 Grant Medium Tank
Unlock Bishop Self-propelled Artillery
M3 Grant Medium Tank
Incendiary Bombing Run
Bishop Self-propelled Artillery
Light Vehicle Training
Bartolomaeus Bart
[PD] reloadKing
Lutze
Nico-Nico-Nii~~
Jason_Beebe
Victor #52
CannonFodder
JT
0
0

Comments sign in to comment!

No comments posted yet!